 Dungeon Crawl Stone Soup version 0.29-a0-577-gafbf2c5d25 (webtiles) character file.

Game seed: 16419144544580584377

19469 porpoise the Spear-Bearer (level 12, 0/96 HPs)
             Began as a Demonspawn Fighter on June 14, 2022.
             Was a Follower of Yredelemnul.
             Slain by a reaper
             ... wielding a +1 scythe of freezing
              (36 damage)
             ... in an ice cave.
             The game lasted 01:07:22 (13010 turns).

porpoise the Spear-Bearer (Demonspawn Fighter)     Turns: 13010, Time: 01:07:23

Health: 0/96       AC: 20    Str: 22    XL:     12   Next: 36%
Magic:  18/18      EV: 12    Int:  9    God:    Yredelemnul [*.....]
Gold:   1881       SH:  4    Dex: 13    Spells: 11/11 levels left

rFire   . . .      SeeInvis .   a - +1 trident (vorpal)
rCold   + . .      Faith    +   c - +0 buckler
rNeg    + . .      Spirit   .   n - +8 ring mail "Powaarha" {Regen+ rCorr Int-4}
rPois   +          Reflect  .   (helmet unavailable)
rElec   .          Harm     .   f - scarf {+Inv}
rCorr   +          Rampage  .   t - +0 pair of gloves
Will    +....                   M - +0 pair of boots {Fly}
Stlth   +.........              p - amulet of Pock {Faith Fly rPois rC+ rN+}
HPRegen 1.06/turn               l - +4 ring of protection
MPRegen 0.16/turn               B - ring of willpower

@: mighty, about to teleport, flying
A: horns 3, spiny 2, big brain 2
a: Renounce Religion, Evoke Invisibility, Recall Undead Harvest


You were in an ice cave.
You worshipped Yredelemnul.
Yredelemnul was aware of your devotion.
You visited 3 branches of the dungeon, and saw 16 of its levels.
You also visited: Ossuary, Bailey and Ice Cave.

You collected 2189 gold pieces.
You spent 308 gold pieces at shops.

Inventory:

Hand Weapons
 a - a +1 vorpal trident (weapon)
 b - a +0 hunting sling
 w - the +8 mace of the Establishment {venom, rF++ rN+++ Str-3 Int-2}
   (You found it on level 2 of the Lair of Beasts)

   It poisons the flesh of those it strikes.
   Str:       It affects your strength (-3).
   Int:       It affects your intelligence (-2).
   rF:        It greatly protects you from fire.
   rN:        It renders you almost immune to negative energy.
Armour
 c - a +0 buckler (worn)
 f - a scarf of invisibility (worn)
 n - the +8 ring mail "Powaarha" (worn) {Regen+ rCorr Int-4}
   (You found it on level 2 of the Dungeon)

   Int:       It affects your intelligence (-4).
   Regen:     It increases your rate of health regeneration.
   rCorr:     It protects you from acid and corrosion.
 t - a +0 pair of gloves (worn)
 M - a +0 pair of boots of flying (worn)
Magical Staves
 e - a staff of death
 h - a staff of air
Jewellery
 l - a +4 ring of protection (left hand)
 p - the amulet of Pock (around neck) {Faith Fly rPois rC+ rN+}
   (You found it on level 1 of the Lair of Beasts)

   [amulet of faith]

   It allows you to gain divine favour quickly.
   rC:        It protects you from cold.
   rPois:     It protects you from poison.
   rN:        It protects you from negative energy.
   Fly:       It grants you flight.
 B - a ring of willpower (right hand)
 N - a ring of positive energy
Wands
 j - a wand of mindburst (7)
 v - a wand of acid (4)
 x - a wand of paralysis (21)
 z - a wand of digging (5)
 C - a wand of polymorph (19)
 G - a wand of iceblast (10)
 O - a wand of flame (47)
Scrolls
 g - a scroll of immolation
 i - 4 scrolls of fear
 u - a scroll of teleportation
 E - 6 scrolls of vulnerability
 F - 3 scrolls of blinking
 J - a scroll of poison
 U - 3 scrolls of fog
Potions
 d - 3 potions of might
 m - 2 potions of haste
 o - 10 potions of curing
 q - a potion of lignification
 r - a potion of invisibility
 D - a potion of heal wounds
 P - 2 potions of resistance
 Q - a potion of attraction


   Skills:
 + Level 9.5 Fighting
 - Level 14.0 Polearms
 - Level 5.0 Armour
 - Level 5.0 Dodging
 - Level 2.8 Shields
 + Level 8.1 Invocations
 - Level 5.0 Evocations


You had 11 spell levels left.
You didn't know any spells.
Your spell library contained the following spells:

 Spells                   Type           Power      Damage    Failure   Level
 Summon Small Mammal      Summ           0%         N/A       63%         1
 Ensorcelled Hibernation  Hex/Ice        0%         N/A       77%         2
 Passwall                 Tmut/Erth      0%         N/A       77%         2
 Sublimation of Blood     Necr           0%         N/A       77%         2
 Wereblood                Tmut           0%         N/A       77%         2
 Call Canine Familiar     Summ           0%         N/A       94%         3
 Ozocubu's Armour         Ice            0%         N/A       94%         3
 Summon Guardian Golem    Hex/Summ       0%         N/A       94%         3
 Swiftness                Air            0%         N/A       94%         3
 Metabolic Englaciation   Hex/Ice        0%         N/A       100%        5
 Haunt                    Necr/Summ      0%         N/A       100%        7
 Summon Hydra             Summ           0%         N/A       100%        7
 Infestation              Necr           0%         N/A       100%        8
 Animate Dead             Necr           Unusable   N/A       N/A         4
 Simulacrum               Ice/Necr       Unusable   N/A       N/A         6

Dungeon Overview and Level Annotations

Branches:
Dungeon (11/15)            Temple (1/1) D:5            Lair (6/6) D:9
Ossuary (visited)          Bailey (visited)           IceCv (1/1)
  Swamp: Lair:2-4    Shoals: Lair:2-4     Snake: Lair:2-4    Spider: Lair:2-4
  Slime: Lair:5-6       Orc: D:9-12

Altars:
Ashenzari
Dithmenos
Elyvilon
Gozag
Nemelex Xobeh
Qazlal
Ru
Sif Muna
Uskayaw
Wu Jian
Xom
Yredelemnul
The Shining One

Shops:
D:7 !   D:10 *


Innate Abilities, Weirdness & Mutations

You have a pair of large horns on your head.
You are mostly covered in sharp spines.
You have an extremely huge brain. (Int +4)


Message History

No target in view!
A reaper comes into view.
It is wielding a +1 scythe of freezing and wearing a +2 robe of cold resistance.
You feel very mighty all of a sudden.
Found a leather armour of resistance and 19 gold pieces.
You reach to attack!
You hit the reaper but do no damage.
The reaper hits you from afar with a +1 scythe of freezing!!
The reaper freezes you.
Your spectral ice devil closely misses the reaper.
You reach to attack!
You hit the reaper.
The reaper is lightly wounded.
The reaper misses you.
You could not reach far enough!
Your spectral ice devil hits the reaper.
You could not reach far enough!
The reaper hits you from afar with a +1 scythe of freezing!!
The reaper freezes you.
Your spectral ice devil hits the reaper!
You could not reach far enough!
The reaper hits you from afar with a +1 scythe of freezing!!
You are too injured to fight recklessly!
You are too injured to fight recklessly!
Reach: a) +1 trident (vorpal)
Press: ? - help, Dir - move target, f/p - reaper
Aim: a reaper, wielding a +1 scythe of freezing, wearing a +2 robe of cold resistance and wearing a ring of ice (lightly wounded, ally target, about 31% to evade your +1 vorpal trident)
Okay, then.
Unknown command.
Okay, then.
Reach: a) +1 trident (vorpal)
Press: ? - help, Dir - move target, f/p - reaper
Aim: a reaper, wielding a +1 scythe of freezing, wearing a +2 robe of cold resistance and wearing a ring of ice (lightly wounded, ally target, about 31% to evade your +1 vorpal trident)
You reach to attack!
You closely miss the reaper.
The reaper is lightly wounded.
Your spectral ice devil closely misses the reaper.
Okay, then.
Unknown command.
As you read the scroll of teleportation, it crumbles to dust.
You feel strangely unstable.
The reaper hits you from afar with a +1 scythe of freezing!!!
You die...
Your body rises from the dead as a mindless zombie.

#..##≈##.§## .. ## .
#..#≈≈#...○# .# ..#
..#...≈≈...#.##.#..#
.....#≈#..##.°#.#..#. #
##...###..#.°.§......#.$
##..# #...............[
#.## #...#...####..# ..#
#...#.........# ....
#°#.#....@Z2.## ....
#..☼###..#...# #..) . .
##.#..## . #.#..# ...###
.... ..... ....# .....#


You could see a reaper (ally target) and a friendly spectral ice devil.

Vanquished Creatures
  2 hydras (Lair:1)
  Erica (D:9)
  Amaemon (Lair:1)
  Pikel (D:7)
  2 ice statues (IceCv)
  Joseph (D:7)
  A black mamba (Lair:2)
  An orange demon (Lair:1)
  A cane toad (Lair:6)
  3 komodo dragons
  Psyche (D:9)
  A rime drake (Lair:2)
  6 ice devils
  A troll (D:8)
  6 blink frogs
  16 yaks
  A shadow (D:10)
  A vampire (D:10)
  3 wyverns
  Eustachio (D:4)
  A harpy simulacrum (IceCv)
  An acid dragon (D:9)
  2 water moccasins
  A black bear (D:5)
  14 orc warriors
  2 ice beasts (D:7)
  4 centaurs
  A lemure (D:7)
  A phantom (D:5)
  2 kobold brigands
  Blork the orc (D:4)
  6 bullfrogs
  A necrophage (D:5)
  A two-headed ogre simulacrum (IceCv)
  4 scorpions
  4 water moccasin zombies (Ossuary)
  2 killer bees (D:10)
  An elephant simulacrum (IceCv)
  6 hounds
  A jelly (D:6)
  9 orc priests
  6 iguanas
  Ijyb (D:3)
  Jessica (D:3)
  Natasha (thrice) (D:3)
  10 orc wizards
  2 troll simulacra (IceCv)
  A polar bear simulacrum (IceCv)
  A spriggan simulacrum (IceCv)
  2 wolf simulacra (IceCv)
  3 mummies
  Robin (D:3)
  6 gnolls
  A naga simulacrum (IceCv)
  2 adders
  3 white imps
  3 ufetubi
  7 adder zombies (Ossuary)
  2 worms
  4 dart slugs
  41 orcs
  7 endoplasms
  3 giant cockroaches
  2 gnoll zombies (Ossuary)
  18 goblins
  9 hobgoblins
  12 jackals
  A quokka (D:1)
  2 ball pythons
  4 bats
  2 frilled lizards
  4 hobgoblin zombies (Ossuary)
  26 kobolds
  10 kobold zombies
  4 orc zombies (Ossuary)
  3 rats (D:1)
323 creatures vanquished.

Vanquished Creatures (collateral kills)
  A cane toad (Lair:1)
  A komodo dragon (D:9)
  An ice devil (Lair:6)
  A blink frog (Lair:2)
  6 yaks
  A water moccasin (Lair:2)
  An ice beast (D:8)
  A gnoll sergeant (D:10)
  A bullfrog (Lair:1)
  A killer bee (D:10)
  An orc wizard (D:7)
  7 hell rats (Lair:1)
  A spriggan simulacrum (IceCv)
  2 gnolls (D:10)
  A hobgoblin (D:7)
  2 kobolds
29 creatures vanquished.

Vanquished Creatures (others)
  A spectral orange demon (Lair:1)
  2 spectral ice devils (IceCv)
  A blink frog zombie (Lair:2)
  2 yak zombies
  A centaur zombie (D:9)
  2 bullfrog zombies
  A scorpion zombie (Lair:2)
  A hound zombie (D:7)
  13 orc zombies
  2 goblin zombies (Bailey)
  8 kobold zombies
  A spectral ufetubus (IceCv)
  20 fungi
  27 plants
82 creatures vanquished.

Grand Total: 434 creatures vanquished

Notes
Turn   | Place    | Note
-------+----------+-------------------------------------------
     0 | D:1      | porpoise the Demonspawn Fighter began the quest for the
                  | Orb.
     0 | D:1      | Reached XP level 1. HP: 18/18 MP: 1/1
    51 | D:1      | Reached skill level 2 in Polearms
   163 | D:1      | Gained mutation: You have a pair of small horns on your
                  | head. [demonic ancestry]
   163 | D:1      | Reached XP level 2. HP: 24/24 MP: 2/2
   629 | D:1      | Gained mutation: You are partially covered in sharp spines.
                  | [demonic ancestry]
   629 | D:1      | Reached XP level 3. HP: 29/29 MP: 3/3
  1034 | D:2      | Identified the +8 ring mail "Powaarha" {Regen+ rCorr Int-4}
  1253 | D:2      | Reached skill level 3 in Polearms
  1348 | D:2      | Reached XP level 4. HP: 36/37 MP: 4/4
  1744 | D:3      | Noticed Jessica
  1749 | D:3      | Noticed Natasha
  1757 | D:3      | Killed Jessica
  1759 | D:3      | Killed Natasha
  1760 | D:3      | Reached skill level 4 in Polearms
  1760 | D:3      | Reached XP level 5. HP: 20/42 MP: 5/5
  1843 | D:3      | Found a faded altar of an unknown god.
  1884 | D:3      | Noticed Robin
  1896 | D:3      | Killed Robin
  2014 | D:3      | Noticed Natasha
  2020 | D:3      | Killed Natasha
  2171 | D:3      | Found a stormy altar of Qazlal.
  2178 | D:3      | Noticed Natasha
  2187 | D:3      | Killed Natasha
  2189 | D:3      | Found an opulent altar of Gozag.
  2556 | D:3      | Noticed Ijyb
  2566 | D:3      | Killed Ijyb
  2567 | D:3      | Gained mutation: You have an unusually large brain. (Int
                  | +2) [demonic ancestry]
  2567 | D:3      | Reached XP level 6. HP: 49/49 MP: 6/6
  3349 | D:4      | Noticed Blork the orc
  3354 | D:4      | Killed Blork the orc
  3355 | D:4      | Reached skill level 5 in Polearms
  3507 | D:4      | Noticed an orc warrior
  3514 | D:4      | Killed an orc warrior
  3515 | D:4      | Reached skill level 5 in Fighting
  3525 | D:4      | Reached XP level 7. HP: 56/56 MP: 7/7
  3864 | D:4      | Reached skill level 6 in Polearms
  3897 | D:4      | Identified the ring of the Illusory Mouths {Fly rC- rCorr
                  | Int+6 Slay+2}
  3940 | D:4      | Noticed Eustachio
  3983 | D:4      | Killed Eustachio
  4210 | D:5      | Entered Level 5 of the Dungeon
  4657 | D:5      | Reached XP level 8. HP: 31/65 MP: 8/8
  4876 | D:5      | Reached skill level 5 in Armour
  4920 | D:5      | Reached skill level 1 in Dodging
  4920 | D:5      | Reached skill level 1 in Evocations
  5212 | D:5      | Found a staircase to the Ecumenical Temple.
  5493 | D:6      | Found a sand-covered staircase.
  5505 | Ossuary  | Entered an ossuary
  5590 | Ossuary  | Reached skill level 7 in Polearms
  5692 | D:6      | Found a sparkling altar of Nemelex Xobeh.
  5950 | D:6      | Found a sacrificial altar of Ru.
  6198 | D:6      | Found an ornate altar of the Wu Jian Council.
  6254 | Temple   | Entered the Ecumenical Temple
  6274 | Temple   | Became a worshipper of Yredelemnul the Dark
  6369 | D:7      | Gained mutation: You are mostly covered in sharp spines.
                  | [demonic ancestry]
  6369 | D:7      | Reached XP level 9. HP: 72/72 MP: 9/9
  6387 | D:7      | Found a flagged portal.
  6390 | D:7      | Reached * piety under Yredelemnul
  6400 | Bailey   | Entered a bailey
  6589 | Bailey   | Reached skill level 8 in Polearms
  6878 | D:7      | Noticed Pikel
  6889 | D:7      | Killed Pikel
  6956 | D:7      | Reached ** piety under Yredelemnul
  7025 | D:7      | Found Etig's Distillery.
  7046 | D:7      | Noticed Joseph
  7060 | D:7      | Your ally Pikel died
  7069 | D:7      | Killed Joseph
  7070 | D:7      | Reached skill level 9 in Polearms
  7100 | D:7      | Bought a potion of berserk rage for 55 gold pieces
  7100 | D:7      | Bought a potion of haste for 110 gold pieces
  7100 | D:7      | Bought a potion of resistance for 110 gold pieces
  7100 | D:7      | Bought a potion of attraction for 33 gold pieces
  7157 | D:7      | Gained mutation: You have a pair of horns on your head.
                  | [demonic ancestry]
  7157 | D:7      | Reached XP level 10. HP: 79/79 MP: 10/10
  7219 | D:7      | Reached skill level 5 in Evocations
  7328 | D:7      | Found a shimmering altar of Xom.
  7484 | D:8      | Found a shadowy altar of Dithmenos.
  7722 | D:8      | You fall into a shaft and drop 3 floors!
  7735 | D:10     | Entered Level 10 of the Dungeon
  7741 | D:10     | Reached skill level 5 in Dodging
  7762 | D:10     | Found Diudi's General Store.
  7877 | D:9      | Noticed Psyche
  7880 | D:9      | Killed Psyche
  7881 | D:9      | Reached skill level 10 in Polearms
  8215 | D:9      | Noticed Erica
  8229 | D:9      | Killed Erica
  8230 | D:9      | Reached skill level 11 in Polearms
  8298 | D:9      | Found a staircase to the Lair.
  9057 | D:10     | Reached skill level 12 in Polearms
  9139 | D:10     | Gained mutation: You have an extremely huge brain. (Int +4)
                  | [demonic ancestry]
  9139 | D:10     | Reached XP level 11. HP: 84/84 MP: 11/11
  9167 | D:10     | Reached skill level 1 in Invocations
  9722 | Lair:1   | Entered Level 1 of the Lair of Beasts
  9722 | Lair:1   | Noticed Amaemon
  9723 | Lair:1   | Noticed a six-headed hydra
  9733 | Lair:1   | Killed Amaemon
  9738 | Lair:1   | Killed a six-headed hydra
  9836 | Lair:1   | Reached *** piety under Yredelemnul
  9843 | Lair:1   | Identified the amulet of Pock {Faith Fly rPois rC+ rN+}
 10089 | Lair:1   | Noticed an eight-headed hydra
 10095 | Lair:1   | Killed an eight-headed hydra
 10547 | Lair:1   | Reached skill level 13 in Polearms
 10569 | Lair:1   | Reached **** piety under Yredelemnul
 10570 | Lair:1   | Reached skill level 5 in Invocations
 11479 | Lair:2   | Reached ***** piety under Yredelemnul
 11537 | Lair:2   | Reached ****** piety under Yredelemnul
 11740 | Lair:2   | Identified a scroll of acquirement
 11741 | Lair:2   | Acquired 552 gold pieces
 11787 | Lair:2   | Identified the +8 mace of the Establishment {venom, rF++
                  | rN+++ Str-3 Int-2}
 11856 | Lair:2   | Gained mutation: You have a pair of large horns on your
                  | head. [demonic ancestry]
 11856 | Lair:2   | Reached XP level 12. HP: 94/94 MP: 16/16
 12302 | Lair:3   | You are sucked into a shaft and drop 3 floors!
 12302 | Lair:6   | Entered Level 6 of the Lair of Beasts
 12302 | Lair:6   | Noticed a boulder beetle
 12404 | Lair:6   | Found a frozen archway.
 12454 | IceCv    | Entered an ice cave
 12647 | IceCv    | Reached skill level 14 in Polearms
 13000 | IceCv    | Noticed a reaper
 13010 | IceCv    | Slain by a reaper

Illustrated notes

Levels and vault maps discovered:
D:1:      tarquinn_simple_flora_water_c, layout_loops_cross
D:2:      layout_basic
D:3:      layout_loops_ring, grunt_temple_overflow_open,
          nicolae_qazlal_scattered_showers, serial_rivers,
          chequers_serial_rivers_marsh, chequers_serial_rivers_small_3,
          chequers_serial_rivers_marsh, chequers_serial_rivers_small_3,
          chequers_serial_rivers_micro_a, chequers_serial_rivers_small_3,
          nicolae_ecumenical_lake_church, roderic_lattice_a, solitary_fountain,
          uniq_jessica, uniq_natasha, uniq_robin, uniq_ijyb
D:4:      layout_loops_corners, guppyfry_early_orc_mine, uniq_blork_the_orc,
          uniq_eustachio
D:5:      layout_rooms, minmay_temple_entry_from_below_a,
          minmay_increasing_density
D:6:      layout_basic, hangedman_ru_absence, mainiacjoe_overflow_brackets,
          mainiacjoe_overflow_boulevard, nzn_wu_jian_council_hall,
          gup_ossuary_entry_pyramid
D:7:      layout_cave_pools, mainiacjoe_overflow_alcove_4, enter_bailey_4,
          serial_shops, nicolae_stop_n_shop_2, uniq_pikel, uniq_joseph
D:8:      layout_basic, grunt_dithmenos_smoke
D:9:      layout_rooms, david_lair_shrubbed, minmay_tree_intersection,
          st_stairs_13, minmay_misc_feat_enclosed, uniq_psyche, uniq_erica
D:10:     layout_long_grid, serial_shops, shop, dreamdust_princess_corridor
D:11:     layout_roguey, gauntlet_entry_generic, uniq_urug, uniq_erolcha,
          uniq_josephine
Temple:   oiseaux_autumnal_temple
Lair:1:   layout_cellular_growth, uniq_amaemon
Lair:2:   layout_regular_city, serial_rivers, chequers_serial_rivers_micro_c,
          chequers_serial_rivers_micro_b, chequers_serial_rivers_micro_c,
          chequers_serial_rivers_room_a, chequers_serial_rivers_small_b,
          chequers_serial_rivers_small_b
Lair:3:   layout_loops_ring, palyth_hydra_swamp_entry, st_stairs_7,
          lemuel_fruit_fields, lemuel_fruit_fields, lemuel_fruit_fields,
          lemuel_fruit_fields
Lair:6:   guppyfry_lair_end_dragon, layout_long_grid, hangedman_lair_in_review,
          portal_ice_cave_demonic_guard
IceCv:    ice_cave_small_demon

Skill      XL: |  1  2  3  4  5  6  7  8  9 10 11 12 |
---------------+-------------------------------------+-----
Polearms       | 2 3 4 5 6 7 9 12 13 14 | 14.0
Fighting       | 4 5 6 7 8 9 |  9.5
Armour         | 4 5 |  5.0
Dodging        | 2 4 5 |  5.0
Evocations     | 2 4 5 |  5.0
Invocations    | 6 8 |  8.1
Shields        | |  2.8

Action                   |  1- 3 |  4- 6 |  7- 9 | 10-12 || total
-------------------------+-------+-------+-------+-------++-------
Melee: Trident           |   111 |   123 |   375 |   546 ||  1155
       Headbutt          |    10 |    20 |    61 |    86 ||   177
 Fire: Hunting sling     |       |       |    46 |    37 ||    83
Invok: Recall Undead Har |       |       |     1 |       ||     1
       Dark Bargain      |       |       |       |     2 ||     2
Evoke: Wand              |       |       |       |     3 ||     3
  Use: Potion            |       |     2 |       |     5 ||     7
       Scroll            |       |     1 |    13 |    10 ||    24
 Stab: Distracted        |       |       |       |     4 ||     4
Armor: Scale mail        |    22 |       |       |       ||    22
       Ring mail         |    15 |    39 |   151 |   174 ||   379
Dodge: Dodged            |    32 |    38 |    90 |   164 ||   324
Block: Buckler           |    21 |    23 |    54 |    61 ||   159

Table legend: (Time is in decaauts)
 A = Elapsed time spent in this place.
 B = Non-inter-level travel time spent in this place.
 C = Inter-level travel time spent in this place.
 D = Time resting spent in this place.
 E = Time spent auto-exploring this place.
 F = Levels seen in this place.
 G = Mean time per level.
                   A        B        C        D        E       F      G
               +--------+--------+--------+--------+--------+-----+--------+
         Total |  12990 |  12133 |    857 |   1878 |   6804 |  19 |  683.7 |
       Dungeon |   9094 |   8657 |    437 |   1362 |   5359 |  11 |  826.7 |
        Temple |     37 |     20 |     17 |      0 |     10 |   1 |   37.0 |
          Lair |   2679 |   2277 |    402 |    240 |   1430 |   4 |  669.8 |
       Ossuary |    175 |    175 |      0 |      0 |      0 |   1 |  175.0 |
        Bailey |    467 |    467 |      0 |     44 |      5 |   1 |  467.0 |
      Ice Cave |    535 |    535 |      0 |    232 |      0 |   1 |  535.0 |
               +--------+--------+--------+--------+--------+-----+--------+

Top non-repeatable levels by time:
  Lair:1: 1569 daAuts
     D:4: 1479 daAuts
     D:3: 1425 daAuts
     D:1: 1039 daAuts
  Lair:2: 924 daAuts
     D:8: 862 daAuts
     D:6: 841 daAuts
     D:5: 830 daAuts
    D:10: 770 daAuts
     D:9: 660 daAuts
     D:2: 590 daAuts
     D:7: 580 daAuts
   IceCv: 535 daAuts
  Bailey: 467 daAuts
 Ossuary: 175 daAuts
